 Dungeon Crawl Stone Soup version 0.27-a0-1278-g6cbc8dfb29 (webtiles) character file.

Game seed: 14962453620257242742

900 sanka the Magician (level 8, 0/56 HPs)
             Began as a Djinni Artificer on June 12, 2021.
             Slain by a two-headed ogre (6 damage)
             ... on level 6 of the Dungeon.
             The game lasted 00:11:14 (6654 turns).

sanka the Magician (Djinni Artificer)               Turns: 6654, Time: 00:11:15

Health: 0/56       AC:  9    Str: 11    XL:     8   Next: 28%
Gold:   263        EV: 12    Int: 15    God:
                   SH:  0    Dex: 16

rFire    + + .     SeeInvis .   C - +1 long sword (drain)
rCold    . . .     Faith    .   (no shield)
rNeg     . . .     Spirit   .   G - +1 robe of Zin's Delight {Dex+2 Slay+5}
rPois    ∞         Reflect  .   g - +0 helmet
rElec    .         Harm     .   (no cloak)
rCorr    .         Rampage  .   m - +0 pair of gloves
Will     .....                  (boots unavailable)
Stlth    ++........             (no amulet)
HPRegen  0.18/turn              y - +4 ring of protection
MPRegen  0.00/turn              p - ring of protection from cold

@: flying
A: sickness immunity, fire resistance 2, cold vulnerability 1, float, innate
caster, hp casting, extra vitality 1
a: no special abilities


You were on level 6 of the Dungeon.
You visited 1 branch of the dungeon, and saw 6 of its levels.

You collected 263 gold pieces.


Innate Abilities, Weirdness & Mutations

You are immune to sickness and miasma.
You are immune to poison.
Your flesh is very heat resistant. (rF++)
You are vulnerable to cold. (rC-)
You float through the air rather than walking.
You learn spells naturally, not from books.
Your magical power is your life essence.
You have superior vitality. (+4 HP)


   Skills:
 + Level 3.1 Fighting
 - Level 1.0 Armour
 + Level 2.4 Dodging
 - Level 0.7 Stealth
 + Level 6.2 Spellcasting
 - Level 3.0 Evocations


You had 13 spell levels left.
You knew the following spells:

 Your Spells              Type           Power      Damage    Failure   Level
a - Ozocubu's Armour      Ice            23%        N/A       3%          3
x - Call Imp              Summ           23%        N/A       1%          2
z - Shock                 Conj/Air       92%        1d8       1%          1
Your spell library was empty.

Inventory:

Hand Weapons
 a - a +0 club
 i - a +0 falchion
 k - a +2 dagger of venom
 l - a +0 rapier
 t - a +0 long sword
 C - a +1 long sword of draining (weapon)
Missiles
 r - a throwing net {=f}
Armour
 g - a +0 helmet (worn)
 m - a +0 pair of gloves (worn)
 G - the +1 robe of Zin's Delight (worn) {Dex+2 Slay+5}

   It affects your dexterity (+2).
   It affects your accuracy and damage with ranged weapons and melee attacks
   (+5).
 H - a +2 robe of willpower
Jewellery
 p - a ring of protection from cold (right hand)
 v - a +6 ring of intelligence
 y - a +4 ring of protection (left hand)
 A - a ring of ice
 I - a ring of wizardry
Wands
 c - a wand of flame (15) (quivered)
 d - a wand of charming (14)
 u - a wand of iceblast (6)
Scrolls
 f - a scroll of fear {unknown}
 h - a scroll of vulnerability {unknown}
 j - 2 scrolls of enchant weapon {unknown}
 o - 4 scrolls of teleportation {unknown}
 q - a scroll of fog {unknown}
 s - 3 scrolls of identify {unknown}
 D - a scroll of immolation {unknown}
 E - a scroll of amnesia {unknown}
Potions
 b - a potion of flight {unknown}
 n - 2 potions of lignification {!q}
 w - 2 potions of haste {unknown}
 x - 3 potions of heal wounds {unknown}
 z - 2 potions of brilliance {unknown}
 B - 2 potions of curing {unknown}
 F - a potion of might {unknown}
Miscellaneous
 e - a piece from Xom's chessboard (15/15)

Dungeon Overview and Level Annotations

Branches:
Dungeon (6/15)
 Temple: D:4-7

Altars:
Hepliaklqana
Okawaru
Zin

Shops:
D:1 *   D:3 (:(*=   D:5 ?

Annotations:
D:4 3 runed translucent doors, Dowan; Duvessa; MoonlitKnight's ghost, amateur MfGl

▒▒▒▒▒▒▒▒▒▒ <........▒
▒▒▒▒▒▒▒▒.▒▒
▒▒▒▒▒▒▒▒▒▒▒▒▒▒.......▒
▒..............▒▒▒▒.▒▒
▒..............▒RO5.▒
▒..........#...▒▒▒▒.▒
▒..............▒ ▒.▒
▒.......5.....▒▒ ▒.▒
▒▒▒▒▒▒▒#▒▒▒▒▒▒▒ ▒.▒
......▒.▒ ▒.▒
...5..▒.▒ ▒.▒
......▒.▒ ▒.▒
....5.▒5▒


You could see a two-headed ogre (ally target) and a friendly crimson imp
(summoned).


Message History

A beastly little devil appears in a puff of frigid air.
Your crimson imp hits the two-headed ogre but does no damage.
Your crimson imp hits the two-headed ogre.
Aiming: Shock (safe; 1% risk of failure)
The zap hits the two-headed ogre.
The two-headed ogre is lightly wounded.
The zap hits the two-headed ogre!
The two-headed ogre is lightly wounded.
You hit the two-headed ogre.
The two-headed ogre is moderately wounded.
The two-headed ogre closely misses you. The two-headed ogre barely misses you.
The two-headed ogre hits you with a +0 giant club!!
* * * LOW HITPOINT WARNING * * *
The two-headed ogre closely misses you.
Unknown command.
Unknown command.
A beastly little devil appears in a puff of flame.
The two-headed ogre hits you with a +0 giant club!!
* * * LOW HITPOINT WARNING * * *
The two-headed ogre closely misses you.
Unknown command.
Your crimson imp hits the two-headed ogre.
There is a stone staircase leading up here.
The two-headed ogre barely misses you.
You riposte.
You hit the two-headed ogre.
The two-headed ogre is moderately wounded.
The two-headed ogre hits you with a +0 dire flail.
You die...

Action                   |  1- 3 |  4- 6 |  7- 9 || total
-------------------------+-------+-------+-------++-------
Melee: Club              |    32 |       |       ||    32
       Falchion          |    20 |       |       ||    20
       Dagger            |    73 |    80 |       ||   153
       Unarmed           |       |    14 |       ||    14
       Long sword        |       |       |    46 ||    46
 Cast: Shock             |       |    33 |    48 ||    81
       Call Imp          |       |     3 |     7 ||    10
Evoke: Wand              |       |     1 |       ||     1
  Use: Potion            |       |     1 |       ||     1
 Stab: Sleeping          |     2 |     2 |     1 ||     5
       Distracted        |       |     1 |       ||     1
Armor: Leather armour    |    51 |    22 |    49 ||   122
       Skin              |       |    24 |       ||    24
       Robe              |       |       |     2 ||     2
Dodge: Dodged            |    93 |    53 |    72 ||   218
       Rpst.: Falchion   |     5 |       |       ||     5
       Long sword        |       |       |    17 ||    17

Levels and vault maps discovered:
D:1:      sevenhm_arrival_forest_fort_large_2, layout_loops_ring, serial_shops,
          nicolae_shop_competitors_out_of_business,
          chequers_ecumenical_altar_simple_redux, minmay_tripent
D:2:      layout_rooms, minmay_pentomino_p2
D:3:      layout_loops_ring, nicolae_hepliaklqana_hazy_memory, serial_shops,
          nicolae_shop_window_shopping, nicolae_shop_trees, shop,
          nicolae_shop_waterfront, shop, uniq_ijyb, uniq_terence
D:4:      layout_loops_corners, chequers_temple_overflow_statue_of_worship,
          gammafunk_ghost_split, minivault_27, minivault_27, uniq_blork_the_orc,
          uniq_duvessa
D:5:      layout_basic, serial_shops, nicolae_shop_behind_doors,
          kennysheep_generic_room_4
D:6:      layout_basic

Notes
Turn   | Place    | Note
-------+----------+-------------------------------------------
     0 | D:1      | sanka the Djinni Artificer began the quest for the Orb.
     0 | D:1      | Reached XP level 1. HP: 17/17 MP: 0/0
   164 | D:1      | Found a faded altar of an unknown god.
   647 | D:1      | Reached XP level 2. HP: 17/23 MP: 0/0
   765 | D:1      | Reached skill level 2 in Fighting
  1044 | D:1      | Found Ematonedoku's Assorted Antiques.
  1553 | D:2      | Reached XP level 3. HP: 29/29 MP: 0/0
  1553 | D:2      | Learned a level 1 spell: Shock
  1922 | D:2      | Reached skill level 3 in Fighting
  2281 | D:2      | Reached skill level 1 in Spellcasting
  2281 | D:2      | Reached XP level 4. HP: 35/35 MP: 0/0
  2624 | D:3      | Noticed Ijyb
  2637 | D:3      | Killed Ijyb
  2638 | D:3      | Reached skill level 2 in Spellcasting
  2638 | D:3      | Reached XP level 5. HP: 18/40 MP: 0/0
  2638 | D:3      | Learned a level 2 spell: Call Imp
  3024 | D:3      | Found Aghiyg's Assorted Antiques.
  3073 | D:3      | Found a hazy altar of Hepliaklqana.
  3104 | D:3      | Found Dulydd's Antique Weapon Emporium.
  3191 | D:3      | Reached skill level 3 in Spellcasting
  3223 | D:3      | Found Igysocko's Weapon Boutique.
  3268 | D:3      | Noticed a kobold brigand
  3278 | D:3      | Killed a kobold brigand
  3279 | D:3      | Reached XP level 6. HP: 17/46 MP: 0/0
  3285 | D:3      | HP: 2/46 [hobgoblin (9)]
  3638 | D:3      | Found Ciug's Jewellery Shop.
  3750 | D:3      | Noticed Terence
  3762 | D:3      | Killed Terence
  3853 | D:3      | Found Codurreg's Book Shoppe.
  4078 | D:4      | Reached skill level 4 in Spellcasting
  4146 | D:4      | Found a runed translucent gate.
  4146 | D:4      | Found a runed translucent gate.
  4146 | D:4      | Noticed a yak
  4148 | D:4      | Found a runed translucent gate.
  4148 | D:4      | Noticed MoonlitKnight's ghost (amateur MfGl)
  4313 | D:4      | Found a glowing silver altar of Zin.
  4321 | D:4      | Found an iron altar of Okawaru.
  4562 | D:4      | Noticed Blork the orc
  4580 | D:4      | Killed Blork the orc
  4581 | D:4      | Reached XP level 7. HP: 8/50 MP: 0/0
  4581 | D:4      | Learned a level 3 spell: Ozocubu's Armour
  5053 | D:4      | Noticed Dowan
  5055 | D:4      | Noticed Duvessa
  5074 | D:4      | HP: 2/50 [ogre (22)]
  5621 | D:5      | Entered Level 5 of the Dungeon
  5726 | D:5      | Reached skill level 5 in Spellcasting
  5979 | D:5      | Reached XP level 8. HP: 46/56 MP: 0/0
  6136 | D:5      | Reached skill level 6 in Spellcasting
  6349 | D:5      | Identified the +1 robe of Zin's Delight {Dex+2 Slay+5}
  6511 | D:5      | Found Qoceong's Magic Scroll Emporium.
  6607 | D:6      | Noticed a two-headed ogre
  6650 | D:6      | HP: 5/56 [two-headed ogre (24)]
  6654 | D:6      | Slain by a two-headed ogre

Vanquished Creatures
  A black bear (D:5)
  A sky beast (D:5)
  A kobold brigand (D:3)
  Blork the orc (D:4)
  A water moccasin skeleton (D:5)
  A howler monkey (D:5)
  2 centaur zombies (D:5)
  A gnoll shaman (D:5)
  2 orc priests
  A bullfrog skeleton (D:5)
  Ijyb (D:3)
  Terence (D:3)
  2 orc wizards
  A hound skeleton (D:4)
  6 gnolls
  8 adders
  An ufetubus (D:5)
  10 orcs
  11 endoplasms
  3 giant cockroaches
  5 goblins
  5 hobgoblins
  5 jackals
  5 ball pythons
  10 bats
  A frilled lizard (D:1)
  5 kobolds
  7 rats
99 creatures vanquished.

Vanquished Creatures (collateral kills)
  A gnoll (D:3)
1 creature vanquished.

Grand Total: 100 creatures vanquished
